 Dungeon Crawl Stone Soup version 0.30.0-29-ga12c61a403 (webtiles) character file.

Game seed: 13624929951147847030

157 leafyfresh the Covert (level 5, -2/47 HPs)
             Began as a Gnoll Delver on June 10, 2023.
             Succumbed to a water moccasin's poison
             ... on level 5 of the Dungeon.
             The game lasted 00:00:48 (141 turns).

leafyfresh the Covert (Gnoll Delver)                 Turns: 141, Time: 00:00:48

Health: -2/47      AC:  3    Str: 11    XL:     5   Next: 38%
Magic:  7/7        EV: 13    Int: 10    God:
Gold:   0          SH:  0    Dex: 15    Spells: 7/7 levels left

rFire   . . .        h - staff of air
rCold   . . .        (no shield)
rNeg    . . .        b - +0 leather armour
rPois   .            (no helmet)
rElec   +            (no cloak)
rCorr   .            (no gloves)
SInv    .            (no boots)
Will    .....        (no amulet)
Stlth   ++++         (no ring)
HPRegen 0.27/turn    (no ring)
MPRegen 0.10/turn

%: no passive effects
@: lethally poisoned (-2 -> -19)
A: fangs 1, strong nose, distributed training
a: no special abilities


You were on level 5 of the Dungeon.
You visited 1 branch of the dungeon, and saw 1 of its levels.

Inventory:

Hand Weapons
 a - a +0 short sword
Armour
 b - a +0 leather armour (worn)
Magical Staves
 h - a staff of air (weapon)
Jewellery
 e - a ring of resist corrosion
Wands
 g - a wand of digging (3)
Scrolls
 c - a scroll of fog
 d - a scroll of magic mapping
Potions
 f - a potion of haste


   Skills:
 + Level 6.7 Fighting
 + Level 4.8 Short Blades
 + Level 1.5 Long Blades
 + Level 1.5 Axes
 + Level 1.5 Maces & Flails
 + Level 1.5 Polearms
 + Level 1.5 Staves
 + Level 1.5 Ranged Weapons
 + Level 1.5 Throwing
 + Level 1.5 Armour
 + Level 4.8 Dodging
 + Level 9.7 Stealth
 + Level 1.5 Shields
 + Level 1.5 Unarmed Combat
 + Level 1.5 Spellcasting
 + Level 1.2 Conjurations
 + Level 1.2 Hexes
 + Level 1.2 Summonings
 + Level 1.2 Necromancy
 + Level 1.2 Translocations
 + Level 1.2 Transmutations
 + Level 1.2 Fire Magic
 + Level 1.2 Ice Magic
 + Level 1.2 Air Magic
 + Level 1.2 Earth Magic
 + Level 1.2 Poison Magic
 + Level 1.7 Invocations
 + Level 1.5 Evocations


You had 7 spell levels left.
You didn't know any spells.
Your spell library was empty.

Dungeon Overview and Level Annotations

Branches:
Dungeon (5/15)
 Temple: D:4-7

Altars:


Innate Abilities, Weirdness & Mutations

You have very sharp teeth.
Your uncanny sense of smell can sniff out nearby items.
Your experience applies equally to all skills.


Message History

Unknown command.
As you read the scroll of fear, it crumbles to dust.
You assume a fearsome visage.
The water moccasin looks frightened!
You feel very sick.
Unknown command.
Unknown command.
You feel sick.
Cornered, the water moccasin turns to fight!
You feel sick.
You feel sick.
You feel sick.
You feel sick.
You see here a ring of resist corrosion.
e - a ring of resist corrosion You feel sick.
h - a staff of air (weapon)
The water moccasin bites you.
You are more poisoned.
The water moccasin poisons you!
Unknown command.
You miss the water moccasin. Your bite misses the water moccasin.
The water moccasin is lightly wounded.
You feel very sick. The water moccasin closely misses you.
You hit the water moccasin.
The water moccasin is lightly wounded.
You feel sick.
The water moccasin bites you but does no damage.
The water moccasin bites you.
* * * LOW HITPOINT WARNING * * *
You are lethally poisoned!
The water moccasin poisons you!
You hit the water moccasin.
The water moccasin is moderately wounded.
* * * LOW HITPOINT WARNING * * *
You feel very sick.
The water moccasin closely misses you. x2
You hit the water moccasin. Your bite misses the water moccasin.
The water moccasin is moderately wounded.
You die...

## .### ###
#..##
#..##.#.## ###
#.#.....##
...###.....S@.#
#...#........#
##......######
#......##
...#....## ###
.#
#.....###.####
#.###..##..).#
#$. ##...#.###
#.. #.####.##


You could see a water moccasin.

Vanquished Creatures
  An ogre (D:5)
  A centaur (D:5)
2 creatures vanquished.

Notes
Turn   | Place    | Note
-------+----------+-------------------------------------------
     0 | D:5      | Reached skill level 9 in Stealth
     0 | D:5      | leafyfresh the Gnoll Delver began the quest for the Orb.
     0 | D:5      | Reached XP level 1. HP: 23/23 MP: 1/1
    24 | D:5      | Noticed a centaur
    30 | D:5      | Killed a centaur
    31 | D:5      | Reached skill level 1 in Long Blades
    31 | D:5      | Reached skill level 1 in Axes
    31 | D:5      | Reached skill level 1 in Maces & Flails
    31 | D:5      | Reached skill level 1 in Polearms
    31 | D:5      | Reached skill level 1 in Staves
    31 | D:5      | Reached skill level 1 in Ranged Weapons
    31 | D:5      | Reached skill level 1 in Throwing
    31 | D:5      | Reached skill level 1 in Armour
    31 | D:5      | Reached skill level 1 in Shields
    31 | D:5      | Reached skill level 1 in Unarmed Combat
    31 | D:5      | Reached skill level 1 in Spellcasting
    31 | D:5      | Reached skill level 1 in Conjurations
    31 | D:5      | Reached skill level 1 in Hexes
    31 | D:5      | Reached skill level 1 in Summonings
    31 | D:5      | Reached skill level 1 in Necromancy
    31 | D:5      | Reached skill level 1 in Translocations
    31 | D:5      | Reached skill level 1 in Transmutations
    31 | D:5      | Reached skill level 1 in Fire Magic
    31 | D:5      | Reached skill level 1 in Ice Magic
    31 | D:5      | Reached skill level 1 in Air Magic
    31 | D:5      | Reached skill level 1 in Earth Magic
    31 | D:5      | Reached skill level 1 in Poison Magic
    31 | D:5      | Reached skill level 1 in Invocations
    31 | D:5      | Reached skill level 1 in Evocations
    31 | D:5      | Reached XP level 2. HP: 29/29 MP: 1/3
    31 | D:5      | Reached XP level 3. HP: 35/35 MP: 1/4
    31 | D:5      | Reached XP level 4. HP: 41/41 MP: 1/5
    80 | D:5      | Noticed an ogre
    85 | D:5      | Killed an ogre
    86 | D:5      | Reached XP level 5. HP: 47/47 MP: 5/7
   115 | D:5      | Noticed a water moccasin
   141 | D:5      | Succumbed to a water moccasin's poison

Illustrated notes

Levels and vault maps discovered:
D:5:      corexii_shack_village, layout_layer_cave,
          mainiacjoe_overflow_divided_tiny

Skill      XL: |  1 |
---------------+----+-----
Stealth        | |  9.7
Long Blades    | 1 |  1.5
Axes           | 1 |  1.5
Maces & Flails | 1 |  1.5
Polearms       | 1 |  1.5
Staves         | 1 |  1.5
Ranged Weapons | 1 |  1.5
Throwing       | 1 |  1.5
Armour         | 1 |  1.5
Shields        | 1 |  1.5
Unarmed Combat | 1 |  1.5
Spellcasting   | 1 |  1.5
Conjurations   | 1 |  1.2
Hexes          | 1 |  1.2
Summonings     | 1 |  1.2
Necromancy     | 1 |  1.2
Translocations | 1 |  1.2
Transmutations | 1 |  1.2
Fire Magic     | 1 |  1.2
Ice Magic      | 1 |  1.2
Air Magic      | 1 |  1.2
Earth Magic    | 1 |  1.2
Poison Magic   | 1 |  1.2
Invocations    | 1 |  1.7
Evocations     | 1 |  1.5
Fighting       | |  6.7
Short Blades   | |  4.8
Dodging        | |  4.8

Action                     |  1- 3 |  4- 6 || total
---------------------------+-------+-------++-------
  Melee: Short sword       |     1 |    10 ||    11
         Staff             |       |     4 ||     4
    Use: Scroll            |       |     1 ||     1
   Stab: Sleeping          |     1 |     1 ||     2
 Armour: Leather armour    |       |     1 ||     1
  Dodge: Dodged            |       |    10 ||    10
